 Dungeon Crawl Stone Soup version 0.28.0-53-g5a82cb258f (webtiles) character file.

Game seed: 9099627832698655812

211 Sin92 the Skirmisher (level 5, -3/41 HPs)
             Began as a Demonspawn Fighter on June 16, 2022.
             Slain by Sigmund
             ... wielding a +0 scythe
              (4 damage)
             ... on level 3 of the Dungeon.
             The game lasted 00:02:59 (2476 turns).

Sin92 the Skirmisher (Demonspawn Fighter)           Turns: 2476, Time: 00:02:59

Health: -3/41      AC: 12    Str: 16    XL:     5   Next: 57%
Magic:  5/5        EV:  9    Int: 10    God:
Gold:   67         SH:  5    Dex: 14    Spells: 4/4 levels left

rFire   + . .      SeeInvis .   a - +0 war axe
rCold   + . .      Faith    .   c - +0 buckler
rNeg    . . .      Spirit   .   b - +0 scale mail
rPois   +          Reflect  .   (no helmet)
rElec   +          Harm     .   (no cloak)
rCorr   +          Rampage  .   (no gloves)
Will    .....                   (no boots)
Stlth   ..........              (no amulet)
HPRegen 0.13/turn               (no ring)
MPRegen 0.09/turn               (no ring)

@: resistant, sanguine armoured, flying
A: spiny 1, sanguine armour 1, demonic magic 1
a: no special abilities


You were on level 3 of the Dungeon.
You visited 1 branch of the dungeon, and saw 3 of its levels.

You collected 67 gold pieces.

Inventory:

Hand Weapons
 a - a +0 war axe (weapon)
Missiles
 e - a throwing net (quivered)
Armour
 b - a +0 scale mail (worn)
 c - a +0 buckler (worn)
Scrolls
 h - a scroll of teleportation


   Skills:
 + Level 3.6 Fighting
 * Level 3.2(3.4) Axes
 + Level 1.3(2.5) Polearms
 + Level 3.2 Armour
 + Level 1.4 Dodging
 + Level 3.3 Shields


You had 4 spell levels left.
You didn't know any spells.
Your spell library was empty.

Dungeon Overview and Level Annotations

Branches:
Dungeon (3/15)

Altars:

Shops:
D:1 *

Annotations:
D:3 Sigmund


Innate Abilities, Weirdness & Mutations

You are partially covered in sharp spines.
When seriously injured, your blood forms armour. (AC +6)
Spells you cast may paralyse adjacent enemies.


Message History

Sigmund mumbles some strange words.
Sigmund flickers and vanishes!
Deactivating autopickup; reactivate with Ctrl-A.
The orc closely misses you. Something hits you but does no damage.
Unknown command.
You hit the orc.
The orc is severely wounded.
You hit the orc.
You feel less confused. The orc hits you with a +0 trident.
* * * LOW HITPOINT WARNING * * *
The orc is struck by your spines. The orc barely misses you.
The orc hits you with a +0 trident.
* * * LOW HITPOINT WARNING * * *
The orc is struck by your spines. The orc hits you but does no damage.
Something hits you but does no damage.
Unknown command.
You barely miss the orc.
The orc is severely wounded.
You closely miss the orc. The orc hits you but does no damage.
The orc is struck by your spines.
You kill the orc!
An orc comes into view. It is wielding a +0 mace.
You slash the orc!
You kill the orc!
You hit the orc. Something hits you but does no damage.
The orc is struck by your spines. The orc hits you but does no damage.
You barely miss the orc.
The orc is almost dead.
Something hits you.
* * * LOW HITPOINT WARNING * * *
The orc hits you but does no damage.
Unknown command.
You slash the orc!
You kill the orc!
You hit the orc. The orc is struck by your spines.
You kill the orc!
Something hits you.
You die...

.. .. #. #. .#. .# ###
#..#.# .#...# ##..
..#..###.#..## ####..#
........#....##......
#.#..#....##.<..###..
#.##.#.........###...
##..#)..........###.##
...##..{)@................
o.....†.###...##........##
...####)..............###
###........###....##
##...##...........
###..########......
#....######........
#...........#..###.
###.....#####......


There were no monsters in sight!

Vanquished Creatures
  Jessica (D:2)
  Natasha (thrice) (D:2)
  3 adders
  2 worms
  2 dart slugs (D:1)
  4 orcs (D:3)
  4 ball pythons (D:1)
  3 bats
  3 endoplasms
  3 giant cockroaches
  3 goblins
  9 hobgoblins
  5 jackals
  5 quokkas
  9 kobolds
  11 rats
70 creatures vanquished.

Notes
Turn   | Place    | Note
-------+----------+-------------------------------------------
     0 | D:1      | Sin92 the Demonspawn Fighter began the quest for the Orb.
     0 | D:1      | Reached XP level 1. HP: 18/18 MP: 1/1
    82 | D:1      | Found Qunonkei's Assorted Antiques.
    91 | D:1      | Gained mutation: Spells you cast may paralyse adjacent
                  | enemies. [demonic ancestry]
    91 | D:1      | Reached XP level 2. HP: 21/24 MP: 2/2
   711 | D:1      | Gained mutation: When seriously injured, your blood forms
                  | armour. (AC +6) [demonic ancestry]
   711 | D:1      | Reached XP level 3. HP: 29/29 MP: 3/3
  1191 | D:2      | Noticed Natasha
  1207 | D:2      | Killed Natasha
  1208 | D:2      | Reached skill level 1 in Dodging
  1208 | D:2      | Reached XP level 4. HP: 25/35 MP: 4/4
  1243 | D:2      | Noticed Natasha
  1249 | D:2      | Killed Natasha
  1570 | D:2      | Found a faded altar of an unknown god.
  1580 | D:2      | Reached skill level 1 in Polearms
  1634 | D:2      | Noticed Natasha
  1644 | D:2      | Killed Natasha
  1645 | D:2      | Gained mutation: You are partially covered in sharp spines.
                  | [demonic ancestry]
  1645 | D:2      | Reached XP level 5. HP: 33/41 MP: 5/5
  1727 | D:2      | Noticed Jessica
  1733 | D:2      | Killed Jessica
  2451 | D:3      | Noticed Sigmund
  2475 | D:3      | HP: 1/41 [something (6)]
  2476 | D:3      | Slain by Sigmund

Illustrated notes

Levels and vault maps discovered:
D:1:      wander_arrival_desolate, layout_loops_cross, serial_shops,
          nicolae_shop_crystal
D:2:      layout_basic, hellmonk_ecumenical_altar_dog_temple, st_stairs_2,
          roderic_lattice_a, uniq_natasha, uniq_jessica
D:3:      layout_rooms, uniq_sigmund

Skill      XL: |  1  2  3  4 |
---------------+-------------+-----
Axes           | 2 3 |  3.2
Armour         | 3 |  3.2
Shields        | 3 |  3.3
Dodging        | 1 |  1.4
Polearms       | 1 |  1.3
Fighting       | |  3.6

Action                   |  1- 3 |  4- 6 || total
-------------------------+-------+-------++-------
Melee: War axe           |    91 |    85 ||   176
  Use: Scroll            |     2 |       ||     2
       Potion            |       |     3 ||     3
Armor: Scale mail        |    48 |    43 ||    91
Dodge: Dodged            |    40 |    51 ||    91
Block: Buckler           |    20 |    15 ||    35
